 Dungeon Crawl Stone Soup version 0.31.0-11-ge490571c62 (webtiles) character file.

Game seed: 6637124356886790866

323 Ashen the Sneak (level 6, -6/44 HPs)
             Began as a Gnoll Enchanter on Feb 8, 2024.
             Was a Believer of Uskayaw.
             Mangled by a mummy (13 damage)
             ... in an ossuary.
             The game lasted 00:05:42 (2624 turns).

Ashen the Sneak (Gnoll Enchanter)                   Turns: 2624, Time: 00:05:43

Health: -6/44      AC:  6    Str:  7    XL:     6   Next: 47%
Magic:  11/14      EV: 15    Int: 15    God:    Uskayaw [**....]
Gold:   187        SH:  0    Dex: 20    Spells: 4/15 levels left

rFire   . . .        a - +1 dagger
rCold   . . .        (no shield)
rNeg    . . .        m - +2 robe of Decaying Birdsong {+Blink Will+}
rPois   .            (no helmet)
rElec   .            f - +0 cloak
rCorr   .            (no gloves)
SInv    .            j - +0 pair of boots
Will    +....        (no amulet)
Stlth   ++++         n - +6 ring of dexterity
HPRegen 0.27/turn    (no ring)
MPRegen 0.14/turn

%: no passive effects
@: invisible
A: fangs 1, strong nose, distributed training
a: Renounce Religion, Evoke Blink, Stomp, Line Pass


You were in an ossuary.
You worshipped Uskayaw.
Uskayaw was noncommittal.
You visited 1 branch of the dungeon, and saw 4 of its levels.
You also visited: Ossuary.

You collected 187 gold pieces.

Inventory:

Hand Weapons
 a - a +1 dagger (weapon)
Armour
 f - a +0 cloak (worn)
 j - a +0 pair of boots (worn)
 m - the +2 robe of Decaying Birdsong (worn) {+Blink Will+}
   (You found it on level 4 of the Dungeon)

   Will+:     It increases your willpower.
   +Blink:    It lets you blink.
Jewellery
 n - a +6 ring of dexterity (left hand)
Scrolls
 d - 5 scrolls of identify {unknown}
 e - 2 scrolls of enchant armour {unknown}
 g - a scroll of teleportation {unknown}
 h - a scroll of torment {unknown}
 k - a scroll of noise {unknown}
Potions
 b - a potion of might {unknown}
 c - a potion of invisibility
 i - 2 potions of lignification {unknown}
 l - a potion of curing {unknown}


   Skills:
 + Level 2.0 Fighting
 + Level 3.3 Short Blades
 + Level 2.0 Long Blades
 + Level 2.0 Axes
 + Level 2.0 Maces & Flails
 + Level 2.0 Polearms
 + Level 2.0 Staves
 + Level 2.0 Ranged Weapons
 + Level 2.0 Throwing
 + Level 2.0 Armour
 + Level 5.0 Dodging
 + Level 6.3 Stealth
 + Level 2.0 Shields
 + Level 2.0 Unarmed Combat
 + Level 5.4 Spellcasting
 + Level 1.6 Conjurations
 + Level 5.7 Hexes
 + Level 1.6 Summonings
 + Level 1.6 Necromancy
 + Level 1.6 Translocations
 + Level 1.6 Fire Magic
 + Level 1.6 Ice Magic
 + Level 1.6 Air Magic
 + Level 1.6 Earth Magic
 + Level 1.6 Alchemy
 + Level 2.2 Invocations
 + Level 2.0 Evocations
 + Level 1.8 Shapeshifting


You had 4 spell levels left.
You knew the following spells:

 Your Spells              Type           Power      Damage    Failure   Level
a - Ensorcelled Hibernat  Hex/Ice        30%        N/A       5%          2
b - Confusing Touch       Hex            21%        N/A       4%          3
c - Tukima's Dance        Hex            21%        N/A       4%          3
d - Dazzling Flash        Conj/Hex       30%        N/A       11%         3

Your spell library contained the following spells:

 Spells                   Type           Power      Damage    Failure   Level
 Fugue of the Fallen      Necr           8%         N/A       24%         3
 Anguish                  Hex/Necr       7%         N/A       34%         4
 Passage of Golubria      Tloc           8%         N/A       63%         4
 Yara's Violent Unravell  Hex/Alch       7%         3d5       67%         5


Dungeon Overview and Level Annotations

Branches:
Dungeon (4/15)            Ossuary (1/1)
 Temple: D:4-7

Altars:
Dithmenos
Uskayaw


Innate Abilities, Weirdness & Mutations

You have very sharp teeth.
Your uncanny sense of smell can sniff out nearby items.
Your experience applies equally to all skills.


Message History

You impale the crocodile zombie!!
The crocodile zombie is severely damaged.
The centaur zombie closely misses you. The centaur zombie misses you.
The mummy completely misses you.
The mummy hits itself!
You hit the crocodile zombie but do no damage.
The crocodile zombie is severely damaged.
The centaur zombie misses you. x2
You barely miss the crocodile zombie.
You bite the crocodile zombie, but do no damage.
The crocodile zombie is severely damaged.
The centaur zombie misses you. x2; The crocodile zombie barely misses you.
You hit the crocodile zombie.
The crocodile zombie is severely damaged.
The centaur zombie hits you but does no damage.
The centaur zombie closely misses you. The crocodile zombie misses you.
You catch the helpless crocodile zombie completely off-guard!
You impale the crocodile zombie!!
You destroy the crocodile zombie!
The centaur zombie misses you. The centaur zombie barely misses you.
You hit the centaur zombie.
The centaur zombie is lightly damaged.
The centaur zombie closely misses you. The centaur zombie barely misses you.
You catch the helpless centaur zombie completely off-guard!
You impale the centaur zombie!!
The centaur zombie is severely damaged.
You can now pass through a line of other dancers.
You hit the mummy but do no damage.
The mummy is severely damaged.
You hit the mummy but do no damage.
The mummy is severely damaged.
The mummy seems less confused.
The centaur zombie barely misses you. The centaur zombie misses you.
The mummy misses you. The centaur zombie barely misses you.
The centaur zombie completely misses you.
You hit the mummy but do no damage.
The mummy is severely damaged.
You completely miss the mummy.
The mummy is severely damaged.
The mummy hits you!
You die...

#.....#
#.....#
#.....#
#..∩..#
#.....#
#.....#
#..∩..#
#.....#
#.@...#
#..MZ.#
#.....#
##...##
#####


You could see a mummy (unable to see you) and a centaur zombie (unable to see
you).

Vanquished Creatures
  Eustachio (D:4)
  Crazy Yiuf (D:2)
  An iguana (D:4)
  2 crocodile zombies (Ossuary)
  Robin (D:2)
  3 adders
  An orc (D:3)
  2 ball pythons
  4 bats
  7 endoplasms
  3 giant cockroaches
  14 goblins
  6 hobgoblins
  3 jackals (D:2)
  3 quokkas
  3 frilled lizards
  A kobold (D:3)
  4 rats
60 creatures vanquished.

Notes
Turn   | Place    | Note
-------+----------+-------------------------------------------
     0 | D:1      | Ashen the Gnoll Enchanter began the quest for the Orb.
     0 | D:1      | Reached XP level 1. HP: 13/13 MP: 6/6
   156 | D:1      | Reached XP level 2. HP: 19/19 MP: 7/7
   159 | D:1      | Learned a level 2 spell: Ensorcelled Hibernation
  1094 | D:2      | Found a runed translucent door.
  1095 | D:2      | Noticed Crazy Yiuf
  1114 | D:2      | Reached skill level 6 in Stealth
  1114 | D:2      | Reached skill level 5 in Spellcasting
  1114 | D:2      | Reached XP level 3. HP: 23/25 MP: 5/9
  1135 | D:2      | Learned a level 3 spell: Confusing Touch
  1139 | D:2      | Learned a level 3 spell: Tukima's Dance
  1143 | D:2      | Learned a level 3 spell: Dazzling Flash
  1150 | D:2      | Killed Crazy Yiuf
  1151 | D:2      | Reached skill level 1 in Fighting
  1151 | D:2      | Reached skill level 1 in Long Blades
  1151 | D:2      | Reached skill level 1 in Axes
  1151 | D:2      | Reached skill level 1 in Maces & Flails
  1151 | D:2      | Reached skill level 1 in Polearms
  1151 | D:2      | Reached skill level 1 in Staves
  1151 | D:2      | Reached skill level 1 in Ranged Weapons
  1151 | D:2      | Reached skill level 1 in Throwing
  1151 | D:2      | Reached skill level 1 in Armour
  1151 | D:2      | Reached skill level 1 in Shields
  1151 | D:2      | Reached skill level 1 in Unarmed Combat
  1151 | D:2      | Reached skill level 1 in Invocations
  1151 | D:2      | Reached skill level 1 in Evocations
  1151 | D:2      | Reached skill level 1 in Shapeshifting
  1151 | D:2      | Reached XP level 4. HP: 32/32 MP: 1/11
  1235 | D:2      | Identified the +1 hammer of True Grit {spect, rF+ rC+
                  | Dex+4}
  1456 | D:2      | Noticed Robin
  1499 | D:2      | Killed Robin
  1500 | D:2      | Reached skill level 1 in Conjurations
  1500 | D:2      | Reached skill level 1 in Summonings
  1500 | D:2      | Reached skill level 1 in Necromancy
  1500 | D:2      | Reached skill level 1 in Translocations
  1500 | D:2      | Reached skill level 1 in Fire Magic
  1500 | D:2      | Reached skill level 1 in Ice Magic
  1500 | D:2      | Reached skill level 1 in Air Magic
  1500 | D:2      | Reached skill level 1 in Earth Magic
  1500 | D:2      | Reached skill level 1 in Alchemy
  1944 | D:3      | Found a hide-covered altar of Uskayaw.
  1945 | D:3      | Noticed a +0 dagger
  1945 | D:3      | Noticed a +0 hand axe
  1953 | D:3      | Reached XP level 5. HP: 37/37 MP: 12/12
  1971 | D:3      | Became a worshipper of Uskayaw the Reveller
  2077 | D:3      | Found a shadowy altar of Dithmenos.
  2111 | D:3      | Reached * piety under Uskayaw
  2436 | D:4      | Identified the +2 robe of Decaying Birdsong {+Blink Will+}
  2460 | D:4      | Noticed Eustachio
  2480 | D:4      | Reached ** piety under Uskayaw
  2496 | D:4      | Killed Eustachio
  2497 | D:4      | Reached skill level 5 in Dodging
  2497 | D:4      | Reached XP level 6. HP: 22/44 MP: 7/14
  2561 | D:4      | Found a sand-covered staircase.
  2595 | Ossuary  | Entered an ossuary
  2624 | Ossuary  | Mangled by a mummy

Illustrated notes

Levels and vault maps discovered:
D:1:      psy_arrival_dodecagon, layout_basic, serial_bayou,
          serial_bayou_crossing, serial_bayou_pond_d, serial_bayou_pond_d,
          serial_bayou_ford_a
D:2:      layout_basic, uniq_robin, uniq_crazy_yiuf_cottage
D:3:      layout_rooms, dancing_weapons_uskayaw,
          nicolae_dithmenos_shadow_blocks, minmay_misc_feat_secret_circle
D:4:      layout_rooms, dk_yredelemnul_ordeal, nicolae_ossuary_entry_plus,
          uniq_eustachio
Ossuary:  ossuary_the_hunt_dpeg

Skill      XL: |  1  2  3  4  5 |
---------------+----------------+-----
Stealth        | 6 |  6.3
Spellcasting   | 5 |  5.4
Fighting       | 1 2 |  2.0
Long Blades    | 1 2 |  2.0
Axes           | 1 2 |  2.0
Maces & Flails | 1 2 |  2.0
Polearms       | 1 2 |  2.0
Staves         | 1 2 |  2.0
Ranged Weapons | 1 2 |  2.0
Throwing       | 1 2 |  2.0
Armour         | 1 2 |  2.0
Shields        | 1 2 |  2.0
Unarmed Combat | 1 2 |  2.0
Invocations    | 1 2 |  2.2
Evocations     | 1 2 |  2.0
Shapeshifting  | 1 |  1.8
Conjurations   | 1 |  1.6
Summonings     | 1 |  1.6
Necromancy     | 1 |  1.6
Translocations | 1 |  1.6
Fire Magic     | 1 |  1.6
Ice Magic      | 1 |  1.6
Air Magic      | 1 |  1.6
Earth Magic    | 1 |  1.6
Alchemy        | 1 |  1.6
Short Blades   | 3 |  3.3
Dodging        | 5 |  5.0
Hexes          | |  5.7

Action                     |  1- 3 |  4- 6 || total
---------------------------+-------+-------++-------
  Melee: Dagger            |    51 |   148 ||   199
         Bite              |     2 |    11 ||    13
         Punch             |     1 |     1 ||     2
   Cast: Ensorcelled Hiber |     8 |    15 ||    23
         Confusing Touch   |       |     3 ||     3
    Use: Potion            |       |     1 ||     1
   Stab: Sleeping          |    11 |    20 ||    31
         Confused          |       |     3 ||     3
         Invisible         |       |     3 ||     3
 Armour: Robe              |    26 |    75 ||   101
  Dodge: Dodged            |    34 |   128 ||   162
